Map: Tourmaline LE

Players

Adams

  • Race: Zerg Zerg
  • League: Diamond
  • Spawn Location: 1:00

HoldTheDoor - Winner!

  • Race: Protoss Protoss
  • League: Diamond
  • Spawn Location: 7:00

VOD

Have the link to the VOD?

Description

Time

  • Played on: May 11, 2026, 10:57 a.m.
  • Length: 12:30
Show
View Real Time Build Order
Export as new Build Order

Adams Zerg 

Build Orders: Hatch First 

Get SALT Encoding   

  12  0:00  Drone  
  13  0:13  Overlord  
  13  0:17  Drone  
  14  0:31  Drone x2  
  16  0:48  Hatchery  
  15  0:51  Drone  
  15  0:54  Drone  
  17  0:58  Drone  
  18  1:10  Extractor  
  17  1:14  Spawning Pool  
  16  1:20  Drone x2  
  18  1:29  Drone  
  19  1:40  Drone  
  20  2:01  Queen  
  20  2:02  Queen  
  20  2:03  Zergling x4  
  26  2:22  Hatchery  
  25  2:35  Overlord  
  25  2:37  Queen  
  25  2:40  Metabolic Boost  
  27  2:48  Drone  
  28  3:01  Drone x3  
  28  3:04  Drone x3  
  34  3:15  Overlord  
  34  3:21  Roach Warren  
  34  3:26  Drone x3  
  36  3:32  Overlord  
  36  3:42  Drone  
  36  3:45  Drone x6  
  36  3:46  Overlord  
  43  3:55  Lair  
  42  3:57  Extractor  
  42  3:58  Drone x2  
  42  4:00  Drone  
  44  4:03  Drone  
  44  4:05  Overlord  
  45  4:11  Spore Crawler  
  45  4:14  Spore Crawler  
  45  4:15  Spore Crawler  
  42  4:26  Roach x3, Spore Crawler  
  42  4:30  Drone x2  
  42  4:31  Drone  
  50  4:36  Roach x2  
  54  4:45  Roach x3  
  60  4:50  Roach  
  62  4:53  Drone  
  62  4:55  Overlord  
  62  4:56  Overlord  
  63  5:00  Overseer  
  63  5:04  Roach  
  65  5:18  Overseer  
  65  5:20  Roach x2  
  69  5:25  Roach  
  69  5:27  Queen  
  73  5:30  Roach  
  75  5:41  Roach x2, Zergling x2  
  75  5:42  Zergling x6  
  81  5:44  Overlord x3  
  81  6:02  Queen, Roach  
  81  6:03  Roach x2  
  89  6:16  Extractor, Drone  
  89  6:17  Drone x3, Extractor  
  89  6:18  Drone x3, Evolution Chamber  
  94  6:19  Drone x2  
  94  6:20  Drone, Evolution Chamber  
  94  6:23  Overlord  
  95  6:33  Drone x5  
  99  6:48  Roach x5  
  109  6:55  Spore Crawler  
  109  6:57  Zerg Missile Weapons Level 1, Zerg Ground Armor Level 1  
  109  6:58  Overlord  
  108  7:11  Overlord x3  
  108  7:29  Overlord x4  
  108  7:33  Drone  
  108  7:34  Pneumatized Carapace  
  108  7:36  Infestation Pit  
  108  7:38  Roach x6  
  108  7:42  Glial Reconstitution  
  120  7:45  Drone x3  
  123  7:58  Ravager x3  
  126  8:04  Zergling x18  
  135  8:10  Ravager x2  
  135  8:11  Overlord  
  137  8:13  Queen  
  139  8:28  Ravager  
  139  8:29  Ravager x2  
  139  8:30  Zergling x2  
  139  8:31  Zergling x12  
  139  8:32  Overlord  
  149  8:51  Extractor  
  149  8:54  Extractor  
  147  9:01  Drone x8  
  155  9:10  Drone  
  155  9:16  Hatchery  
  154  9:25  Hatchery  
  154  9:29  Overlord  
  154  9:30  Overlord x3  
  86  9:46  Roach x8  
  83  9:54  Hive  
  83  9:55  Roach  
  83  9:56  Roach  
  86  10:01  Hatchery  
  86  10:02  Hatchery  
  86  10:06  Roach  
  86  10:07  Roach x2  
  90  10:10  Drone  
  90  10:11  Roach x2  
  90  10:12  Ravager x7  
  90  10:13  Ravager  
  103  10:22  Roach  
  103  10:23  Roach x2  
  109  10:32  Roach  
  109  10:33  Roach x3  
  115  10:42  Roach x4  
  119  10:48  Roach x2  
  102  10:56  Overseer  
  93  11:01  Roach x3  
  93  11:02  Roach x2  
  99  11:11  Roach x4  
  99  11:15  Roach x4  
  107  11:33  Roach x8  
  107  11:39  Roach x3  
  129  11:40  Roach  
  120  11:57  Roach x4  
  124  12:04  Roach x6  
Show
View Real Time Build Order
Export as new Build Order

HoldTheDoor Protoss - Winner!

Build Orders: 1 Gate Expand, Zealot Archon, Archon Drop, Dark Templar Rush 

Get SALT Encoding   

  12  0:00  Probe  
  13  0:12  Probe  
  14  0:19  Pylon  
  14  0:24  Probe  
  15  0:33  Probe  
  15  0:41  Probe  
  16  0:43  Gateway  
  17  0:51  Probe  
  18  0:58  Assimilator  
  18  1:03  Probe  
  19  1:24  Nexus  
  19  1:32  Cybernetics Core  
  19  1:35  Probe  
  20  1:42  Assimilator  
  21  1:47  Probe  
  21  1:54  Pylon  
  21  1:59  Probe  
  21  2:01  Stalker  
  22  2:11  Probe  
  22  2:13  Warp Gate  
  25  2:23  Probe  
  25  2:29  Adept  
  26  2:34  Gateway  
  26  2:35  Probe  
  26  2:36  Probe  
  30  2:47  Probe  
  30  2:50  Twilight Council  
  31  2:52  Probe  
  32  2:59  Probe  
  32  3:05  Probe  
  34  3:09  Assimilator  
  34  3:12  Probe  
  35  3:17  Probe  
  36  3:21  Robotics Facility  
  36  3:24  Probe  
  37  3:29  Probe  
  38  3:36  Probe  
  39  3:41  Dark Shrine  
  39  3:44  Pylon  
  39  3:45  Probe  
  39  3:46  Pylon  
  40  3:49  Probe  
  41  3:57  Probe  
  41  4:01  Probe  
  43  4:03  Stalker x2  
  43  4:08  Warp Prism  
  49  4:24  Nexus  
  49  4:28  Pylon  
  49  4:31  Probe x2  
  51  4:36  Charge  
  51  4:43  Probe x2  
  53  4:45  Forge  
  53  4:56  Dark Templar x2  
  57  5:09  Gateway, Probe  
  57  5:10  Probe  
  57  5:11  Gateway  
  59  5:28  Dark Templar x2  
  63  5:50  Photon Cannon, Probe x2  
  63  5:51  Pylon, Probe  
  63  5:55  Protoss Ground Weapons Level 1  
  66  5:58  Archon  
  66  6:00  Archon  
  66  6:02  Zealot x2  
  70  6:11  Immortal  
  70  6:12  Probe  
  70  6:13  Probe  
  70  6:14  Probe  
  77  6:19  Zealot x2  
  81  6:30  Gateway  
  81  6:31  Pylon  
  81  6:32  Gateway  
  81  6:33  Pylon  
  81  6:34  Gateway  
  81  6:35  Gateway  
  81  6:36  Pylon  
  81  6:39  Pylon  
  81  6:59  Probe x3  
  81  7:01  Zealot x4  
  86  7:03  Immortal  
  92  7:31  Probe  
  92  7:32  Dark Templar x3  
  92  7:33  Dark Templar x5  
  109  7:37  Archon x4  
  109  7:45  Immortal  
  113  7:56  Gateway x2  
  113  7:59  Gateway x2  
  113  8:01  Gateway x2  
  113  8:15  Stalker  
  113  8:16  Zealot x5  
  125  8:27  Protoss Ground Armor Level 1  
  125  8:31  Pylon  
  125  8:32  Pylon  
  125  8:34  Pylon  
  125  8:45  Pylon x2  
  125  8:46  Pylon  
  125  8:47  Pylon  
  125  8:48  Pylon  
  125  8:53  Photon Cannon  
  125  8:55  Dark Templar x3  
  129  8:56  Photon Cannon  
  129  8:57  Zealot x6  
  129  8:58  Photon Cannon  
  129  9:00  Archon, Pylon  
  143  9:04  Pylon, Dark Templar  
  143  9:06  Zealot x2  
  143  9:09  Archon  
  149  9:15  Observer  
  150  9:26  Zealot x3  
  150  9:27  Zealot x5  
  150  9:29  Zealot  
  150  9:40  Zealot x4  
  130  9:49  Zealot x3  
  134  9:52  Probe  
  134  9:53  Probe x2  
  134  10:04  Probe  
  134  10:05  Photon Cannon  
  134  10:06  Photon Cannon  
  135  10:08  Probe x2  
  137  10:17  Probe, Photon Cannon  
  138  10:25  Dark Templar x2  
  138  10:26  Dark Templar  
  144  10:49  Zealot  
  132  10:50  Zealot x8  
  144  11:11  Stalker x6  
  154  11:12  Stalker  
  158  11:22  Immortal  
  162  11:31  Stalker x3  
  162  11:32  Stalker  
  156  11:56  Zealot x8  
  156  11:57  Zealot  
  130  12:16  Zealot  
  130  12:17  Zealot x7  
Tags
 
Add a new tag
Caveats
  • Supply blocks, unpowered buildings, or Contaminate may cause inaccurate times.
  • Supply counts are checked every 10 seconds.